 Dungeon Crawl Stone Soup version 0.21-a0-513-gdcb3f5e (webtiles) character file.

13101 slep the Cleaver (level 11, -1/129 HPs)
             Began as a Demonspawn Gladiator on Dec 3, 2017.
             Was a High Priest of Okawaru (penitent).
             Slain by Chalrif's ghost (16 damage)
             ... on level 3 of the Lair of Beasts.
             The game lasted 00:42:53 (8297 turns).

slep the Cleaver (Demonspawn Gladiator)             Turns: 8297, Time: 00:42:53

Health: -1/129     AC: 25    Str: 18    XL:     11   Next: 71%
Magic:  11/11      EV:  2    Int: 16    God:    Okawaru [*]
Gold:   557        SH:  8    Dex: 19    Spells: 9/10 levels left

rFire    + . .     SeeInvis .   y - +0 war axe (elec)
rCold    + . .     Gourm    .   Z - +2 buckler
rNeg     + + +     Faith    .   (armour currently unavailable)
rPois    +         Spirit   .   (helmet currently unavailable)
rElec    .         Reflect  .   (cloak currently unavailable)
rCorr    .         Harm     .   (gloves currently unavailable)
MR       .....     NoTele   +   (boots currently unavailable)
Stlth    ++++......             J - amulet of magic regeneration
HPRegen  0.00/turn              S - ring of teleportation (curse)
MPRegen  0.37/turn              a - ring of Udipp {rF+ rC+ Str+3 Int+6 Dex-3}

@: agile, tree-form
A: demonic guardian 1, screaming 1, inhibited regeneration
a: Renounce Religion


You were on level 3 of the Lair of Beasts.
You worshipped Okawaru.
Okawaru was demanding penance.
You were hungry.
You were a tree.
You visited 2 branches of the dungeon, and saw 12 of its levels.

You collected 702 gold pieces.
You spent 145 gold pieces at shops.

Inventory:

Hand Weapons
 y - a +0 war axe of electrocution (weapon)
 A - a +1 spear of venom
Missiles
 d - 3 throwing nets (quivered)
Armour
 r - a +2 helmet (melded)
 x - a +4 scale mail of poison resistance (melded)
 D - a +2 pair of gloves (melded)
 H - a +1 leather armour of cold resistance
 V - a +0 pair of boots (melded)
 Z - a +2 buckler (worn)
Jewellery
 a - the ring of Udipp (right branch) {rF+ rC+ Str+3 Int+6 Dex-3}
   (You found it on level 1 of the Lair of Beasts)

   [ring of protection from cold]

   It affects your strength (+3).
   It affects your intelligence (+6).
   It affects your dexterity (-3).
   It protects you from fire.
   It protects you from cold.
 b - an uncursed ring of ice
 e - an uncursed ring of protection from fire
 l - an uncursed ring of protection from magic
 s - a +5 ring of strength
 t - an uncursed amulet of rage
 J - an amulet of magic regeneration (around neck)
 M - a +5 ring of evasion
 S - a cursed ring of teleportation (left branch)
 T - an uncursed ring of protection from magic
Wands
 B - a wand of acid (33)
 C - a wand of random effects (21)
 K - a wand of iceblast (10)
 P - a wand of digging (10)
Scrolls
 g - a scroll of random uselessness {unknown}
 h - 5 scrolls of magic mapping {unknown}
 i - 6 scrolls of enchant armour {unknown}
 j - 7 scrolls of remove curse
 o - 12 scrolls of identify {unknown}
 u - 4 scrolls of teleportation {unknown}
 I - 2 scrolls of amnesia {unknown}
 L - 2 scrolls of enchant weapon {unknown}
 N - a scroll of blinking {unknown}
 O - 3 scrolls of fear {unknown}
 Q - a scroll of acquirement {unknown}
 R - a scroll of immolation {unknown}
Potions
 c - a potion of agility
 n - 2 potions of ambrosia
 p - 4 potions of curing
 q - a potion of berserk rage {unknown}
 v - 2 potions of heal wounds
 z - a potion of flight {unknown}
 E - a potion of might
 G - a potion of invisibility {unknown}
Books
 U - a book of Cantrips

   Spells                             Type                      Level
   a - Confusing Touch                Hexes                        1
   b - Animate Skeleton               Necromancy                   1
   c - Summon Small Mammal            Summoning                    1
   d - Apportation                    Translocation                1
 X - a book of Changes

   Spells                             Type                      Level
   a - Beastly Appendage              Transmutation                1
   b - Sticks to Snakes               Transmutation                2
   c - Spider Form                    Transmutation/Poison         3
   d - Ice Form                       Ice/Transmutation            4
   e - Blade Hands                    Transmutation                5
 Y - a book of Maledictions

   Spells                             Type                      Level
   a - Corona                         Hexes                        1
   b - Ensorcelled Hibernation        Hexes/Ice                    2
   c - Confuse                        Hexes                        3
   d - Tukima's Dance                 Hexes                        3
   e - Dazzling Spray                 Conjuration/Hexes            3
Miscellaneous
 W - a phantom mirror
Comestibles
 f - 10 bread rations
 k - 7 meat rations
 m - 4 fruits
 w - 9 royal jellies


   Skills:
 + Level 7.9 Fighting
 + Level 12.2 Axes
 + Level 1.8 Throwing
 + Level 6.1 Armour
 + Level 5.7 Dodging
 + Level 2.9 Stealth
 + Level 5.5 Shields


You had 9 spell levels left.
You knew the following spells:

 Your Spells              Type           Power        Failure   Level  Hunger
a - Apportation           Tloc           #.....       26%         1    ##.....


Dungeon Overview and Level Annotations

Branches:
Dungeon (9/15)             Temple (0/1) D:5            Lair (3/6) D:9
 Spider (0/4) Lair:3          Orc (0/2) D:9
  Swamp: Lair:2-4    Shoals: Lair:2-4

Altars:
Cheibriados
Elyvilon
Kikubaaqudgha
Makhleb
Okawaru
Ru
Wu Jian

Shops:
D:4 !   D:7 ?

Annotations:
Lair:3 Chalrif's ghost, journeyman FoFi


Innate Abilities, Weirdness & Mutations

((You have razor-sharp toenails.))
((You are completely covered in thin metallic scales. (AC +4, rElec)))
A weak demonic guardian rushes to your aid.
((Your flesh is heat resistant. (rF+)))
You occasionally shout uncontrollably at your foes.
You do not regenerate when monsters are visible.


Message History

You turn into a tree.
Your +2 helmet melds into your body.
Your +2 pair of gloves melds into your body.
Your +0 pair of boots melds into your body.
Your +4 scale mail of poison resistance melds into your body.
Your roots penetrate the ground.
Your shadow imp barely misses Chalrif's ghost.
Your shadow imp hits Chalrif's ghost but does no damage.
Chalrif's ghost hits you but does no damage.
You barely miss Chalrif's ghost.
Chalrif's ghost is lightly damaged.
Your shadow imp disappears in a puff of smoke!
Your shadow imp hits Chalrif's ghost but does no damage.
You block Chalrif's ghost's attack.
You slash Chalrif's ghost!
Chalrif's ghost is lightly damaged.
Your shadow imp hits Chalrif's ghost.
You hit Chalrif's ghost but do no damage.
Chalrif's ghost is lightly damaged.
Chalrif's ghost hits you!
You die...

##........ #...P.....P
#........<............#..P.......
.........................P.......
................................†
.......................≈≈≈.≈≈≈...
........#.............≈.≈≈.≈≈.≈..
.......###............≈≈.≈.≈.≈≈.#
#.....## #...........≈≈≈...≈≈≈.#
#....## #.....♣.5.......>...(##
....... ##.##..W#...≈≈≈...≈≈≈##
......# #...§....≈≈.≈.≈.≈≈##
...... #........≈.≈≈.≈≈.≈.. ....
##...#....≈≈≈.≈≈≈... ....
#.....#............. ....
#..##.##............ #.#. ###
#####....#...##. # # ##..##......


You could see Chalrif's ghost and a friendly shadow imp.

Vanquished Creatures
  Psyche (D:9)
  A black mamba (Lair:1)
  A komodo dragon (Lair:1)
  A troll (D:9)
  A hornet (D:9)
  8 blink frogs
  6 hippogriffs
  A wyvern (Lair:3)
  12 yaks
  A basilisk (Lair:3)
  Grum (Lair:1)
  3 water moccasins
  5 orc warriors
  5 porcupines
  3 slaves (D:7)
  An ice beast (D:9)
  2 phantoms
  10 wolves
  2 ogres
  8 centaurs
  5 crocodiles
  A big kobold (D:7)
  11 bullfrogs
  4 scorpions
  5 wights (D:8)
  3 howler monkeys (D:8)
  5 crimson imps
  2 bullfrog zombies (D:9)
  An orc priest (D:8)
  A centaur skeleton (D:7)
  4 hounds
  2 iguanas
  A jelly (D:7)
  4 orc wizards
  Jessica (D:2)
  Ijyb (D:3)
  Terence (D:3)
  7 worker ants
  A howler monkey zombie (D:7)
  3 gnolls (D:4)
  11 adders
  A shadow imp (D:8)
  An ooze (D:2)
  3 adder skeletons
  2 worms
  A dart slug (D:4)
  3 leopard geckos
  26 orcs
  4 giant cockroaches
  8 hobgoblins
  3 jackals
  6 quokkas
  2 ball pythons
  9 bats
  7 frilled lizards
  11 goblins
  A jackal skeleton (D:4)
  6 kobolds
  A leopard gecko skeleton (D:6)
  A leopard gecko zombie (D:6)
  9 rats
  2 fungi
254 creatures vanquished.

Vanquished Creatures (collateral kills)
  Pikel (D:7)
  A hippogriff (Lair:1)
  2 redbacks (Lair:3)
  2 yaks
  A sky beast (D:9)
  A slave (D:7)
  An ogre (D:5)
  2 wolves
  A centaur (D:9)
  A crocodile (Lair:1)
  3 bullfrogs
  2 crimson imps
  A hound zombie (D:5)
  A hound skeleton (D:7)
  A gnoll (D:4)
  2 adders (D:7)
  An adder skeleton (D:6)
  4 orcs
28 creatures vanquished.

Vanquished Creatures (others)
  An adder (D:2)
  A hobgoblin (D:2)
  3 fungi
  A plant (Lair:1)
6 creatures vanquished.

Grand Total: 288 creatures vanquished

Notes
Turn   | Place    | Note
-------+----------+-------------------------------------------
     0 | D:1      | slep the Demonspawn Gladiator began the quest for the Orb.
     0 | D:1      | Reached XP level 1. HP: 16/16 MP: 1/1
   197 | D:1      | Gained mutation: Your flesh is heat resistant. (rF+) [demonic ancestry]
   197 | D:1      | Reached XP level 2. HP: 14/22 MP: 2/2
   779 | D:2      | Reached skill level 3 in Axes
   779 | D:2      | Gained mutation: You are partially covered in thin metallic scales. (AC +2) [demonic ancestry]
   779 | D:2      | Reached XP level 3. HP: 6/27 MP: 3/3
  1159 | D:2      | Noticed Jessica
  1182 | D:2      | Killed Jessica
  1182 | D:2      | Reached skill level 1 in Armour
  1182 | D:2      | Gained mutation: You have sharp toenails. [demonic ancestry]
  1182 | D:2      | Reached XP level 4. HP: 29/34 MP: 4/4
  1257 | D:2      | Found a burning altar of Makhleb.
  1711 | D:3      | Gained mutation: A weak demonic guardian rushes to your aid. [demonic ancestry]
  1711 | D:3      | Reached XP level 5. HP: 38/40 MP: 5/5
  1903 | D:3      | Noticed Terence
  1914 | D:3      | Killed Terence
  1914 | D:3      | Reached skill level 4 in Axes
  2015 | D:3      | Noticed Ijyb
  2115 | D:3      | Killed Ijyb
  2275 | D:4      | Reached skill level 1 in Stealth
  2278 | D:4      | Reached XP level 6. HP: 39/47 MP: 6/6
  2381 | D:4      | Found Dume's Distillery.
  2390 | D:4      | Reached skill level 5 in Axes
  2410 | D:4      | Bought a potion of curing for 30 gold pieces
  2410 | D:4      | Bought a potion of might for 40 gold pieces
  2410 | D:4      | Bought a potion of lignification for 30 gold pieces
  2642 | D:4      | Found an iron altar of Okawaru.
  2645 | D:4      | Became a worshipper of Warmaster Okawaru
  2791 | D:5      | Entered Level 5 of the Dungeon
  2819 | D:5      | Found a sacrificial altar of Ru.
  2856 | D:5      | Found a white marble altar of Elyvilon.
  2860 | D:5      | Found an ancient bone altar of Kikubaaqudgha.
  2866 | D:5      | Found a staircase to the Ecumenical Temple.
  2871 | D:5      | Reached XP level 7. HP: 50/52 MP: 7/7
  3345 | D:6      | Reached skill level 6 in Axes
  3389 | D:6      | Reached * piety under Okawaru
  3456 | D:6      | Gained mutation: You are mostly covered in thin metallic scales. (AC +3) [demonic ancestry]
  3456 | D:6      | Reached XP level 8. HP: 50/60 MP: 8/8
  3463 | D:6      | Reached skill level 7 in Axes
  3764 | D:7      | Noticed a hippogriff
  3771 | D:7      | Killed a hippogriff
  3771 | D:7      | Reached ** piety under Okawaru
  3843 | D:7      | Found Gomoekuesih's Magic Scroll Emporium.
  3851 | D:7      | Bought a scroll of remove curse for 45 gold pieces
  3927 | D:7      | Noticed a hippogriff
  3935 | D:7      | Killed a hippogriff
  3935 | D:7      | Reached skill level 8 in Axes
  4057 | D:7      | Reached skill level 5 in Fighting
  4116 | D:7      | Noticed Pikel
  4133 | D:7      | Killed Pikel
  4133 | D:7      | Reached *** piety under Okawaru
  4133 | D:7      | Reached skill level 1 in Shields
  4133 | D:7      | Reached XP level 9. HP: 57/68 MP: 9/9
  4263 | D:7      | Reached skill level 9 in Axes
  5147 | D:8      | Reached **** piety under Okawaru
  5249 | D:8      | Learned a level 1 spell: Apportation
  5546 | D:9      | Noticed Psyche
  5553 | D:9      | Received a gift from Okawaru
  5559 | D:9      | Reached skill level 10 in Axes
  5573 | D:9      | Gained mutation: You are completely covered in thin metallic scales. (AC +4, rElec) [demonic ancestry]
  5573 | D:9      | Reached XP level 10. HP: 76/76 MP: 10/10
  5586 | D:9      | Gained mutation: Armour fits poorly on your strangely shaped body. [mutagenic meat]
  5587 | D:9      | Gained mutation: You do not regenerate when monsters are visible. [mutagenic meat]
  5588 | D:9      | Gained mutation: You occasionally shout uncontrollably at your foes. [mutagenic meat]
  5589 | D:9      | Gained mutation: You have razor-sharp toenails. [mutagenic meat]
  5590 | D:9      | Lost mutation: Armour fits poorly on your strangely shaped body. [mutagenic meat]
  5645 | D:9      | Found a staircase to the Lair.
  5683 | D:9      | Killed Psyche
  5725 | D:9      | Found a snail-covered altar of Cheibriados.
  5780 | D:9      | Found a staircase to the Orcish Mines.
  5974 | D:9      | Reached ***** piety under Okawaru
  5974 | D:9      | Reached skill level 5 in Dodging
  5981 | D:9      | Reached skill level 5 in Armour
  6073 | D:9      | Reached skill level 11 in Axes
  6274 | Lair:1   | Entered Level 1 of the Lair of Beasts
  6382 | Lair:1   | Got a warped silver ring
  6424 | Lair:1   | Reached XP level 11. HP: 54/83 MP: 11/11
  6580 | Lair:1   | Received a gift from Okawaru
  6788 | Lair:1   | Reached ****** piety under Okawaru
  6904 | Lair:1   | Noticed Grum
  6912 | Lair:1   | Killed Grum
  6934 | Lair:1   | Identified the ring of Udipp {rF+ rC+ Str+3 Int+6 Dex-3} (You found it on level 1 of the Lair of Beasts)
  6953 | Lair:1   | Received a gift from Okawaru
  7149 | Lair:2   | Reached skill level 12 in Axes
  7200 | Lair:2   | Reached skill level 5 in Shields
  7583 | Lair:2   | Found an ornate altar of the Wu Jian Council.
  8135 | Lair:3   | Found a hole to the Spider Nest.
  8238 | Lair:3   | Noticed Chalrif's ghost (journeyman FoFi)
  8275 | Lair:3   | Was placed under penance by Okawaru
  8292 | Lair:3   | HP: 3/86 [Chalrif's ghost (23)]
  8297 | Lair:3   | Slain by Chalrif's ghost

Vault maps used:
D:1:      dpeg_arrival_chambers_temple_mockup
D:2:      makhleb_heckhound_becter, lemuel_old_faithful, uniq_jessica
D:3:      kennysheep_the_goblin_king, uniq_ijyb, uniq_terence
D:4:      kennysheep_mini, serial_shops, shop, first_bread
D:5:      nicolae_ru_awakened_eye, grunt_temple_overflow_open,
          minmay_temple_entry_trees, minivault_26
D:7:      serial_shops, shop, uniq_pikel
D:9:      nicolae_overflow_hidden_temple, lair_entry_dummy, orc_david_3,
          uniq_psyche
Lair:1:   hibernation_bobbens, uniq_grum
Lair:2:   lemuel_centaur_altar
Lair:3:   spider_nest_entry_a

Skill      XL: |  1  2  3  4  5  6  7  8  9 10 11 |
---------------+----------------------------------+-----
Dodging        | 3 4 5 |  5.7
Axes           | 3 4 5 6 8 10 11 12 | 12.2
Armour         | 1 2 3 4 5 6 |  6.1
Fighting       | 3 4 5 6 7 |  7.9
Stealth        | 1 2 |  2.9
Shields        | 1 3 4 5 |  5.5
Throwing       | |  1.8

Action                   |  1- 3 |  4- 6 |  7- 9 | 10-12 || total
-------------------------+-------+-------+-------+-------++-------
Melee: War axe           |    89 |   116 |   246 |   362 ||   813
       Kick              |       |    32 |    70 |       ||   102
  Use: Potion            |       |       |       |     4 ||     4
 Stab: Sleeping          |     1 |     2 |       |       ||     3
       Distracted        |       |       |       |     2 ||     2
  Eat: Chunk             |     1 |     5 |     9 |    14 ||    29
Armor: Leather armour    |    36 |    17 |       |       ||    53
       Chain mail        |       |     5 |       |       ||     5
       Scale mail        |       |    26 |   112 |   156 ||   294
       Skin              |       |       |       |     1 ||     1
Dodge: Dodged            |    97 |    65 |   139 |   224 ||   525
Block: Shield            |       |       |    82 |    41 ||   123
       Buckler           |       |       |       |   110 ||   110

Table legend:
 A = Spawn XP
 B = Non-spawn XP
 C = Spawn XP percentage of total XP
 D = Spawn monster count
 E = Non-spawn monster count
 F = Spawn count percentage of total count
 G = Total turns spent on level
                    A         B        C        D         E        F      G
               +---------+---------+-------+---------+---------+-------+---------
         Total |       0 |   18716 |   0.0 |       0 |     277 |   0.0 |  8297
               +---------+---------+-------+---------+---------+-------+---------
           D:1 |       0 |      26 |   0.0 |       0 |      19 |   0.0 |   757
           D:2 |       0 |     161 |   0.0 |       0 |      25 |   0.0 |   877
           D:3 |       0 |     106 |   0.0 |       0 |      20 |   0.0 |   639
           D:4 |       0 |     362 |   0.0 |       0 |      31 |   0.0 |   518
           D:5 |       0 |     315 |   0.0 |       0 |       7 |   0.0 |   544
           D:6 |       0 |     731 |   0.0 |       0 |      17 |   0.0 |   429
           D:7 |       0 |    2015 |   0.0 |       0 |      32 |   0.0 |   843
           D:8 |       0 |    1024 |   0.0 |       0 |      21 |   0.0 |   846
           D:9 |       0 |    4579 |   0.0 |       0 |      42 |   0.0 |   821
        Lair:1 |       0 |    5089 |   0.0 |       0 |      32 |   0.0 |   813
        Lair:2 |       0 |    2064 |   0.0 |       0 |      18 |   0.0 |   789
        Lair:3 |       0 |    2244 |   0.0 |       0 |      13 |   0.0 |   421
               +---------+---------+-------+---------+---------+-------+---------
